 Dungeon Crawl Stone Soup version 0.25.1-9-gc5326a611f (webtiles) character file.

Game seed: 6490938590628217960

140996 zeroc00l the Spear-Bearer (level 17, 0/150 HPs)
             Began as a Naga Ice Elementalist on Dec 29, 2020.
             Was the Champion of Cheibriados.
             Slain by a merfolk
             ... wielding a +1 vorpal trident
              (14 damage)
             ... on level 3 of the Shoals.
             The game lasted 04:38:36 (35480 turns).

zeroc00l the Spear-Bearer (Naga Ice Elementalist)  Turns: 35480, Time: 04:38:37

Health: 0/150      AC: 38    Str: 36    XL:     17   Next: 32%
Magic:  0/35       EV: 12    Int: 36    God:    Cheibriados [******]
Gold:   760        SH:  9    Dex: 29    Spells: 1/38 levels left

rFire    + + +     SeeInvis +   a - +5 trident (protect)
rCold    + . .     Gourm    .   E - +2 buckler "Pathadgh" {rF+ Str+4}
rNeg     + . .     Faith    .   f - +6 chain mail of the Hundredfold Dreams {rN+ Str+4 Slay+4 Stlth-}
rPois    +         Spirit   +   I - +2 hat
rElec    .         Reflect  .   e - scarf {rC+ rF+}
rCorr    .         Harm     .   k - +2 pair of gloves {Str+3}
MR       ++...                  R - +4 naga barding {rF+}
Stlth    ..........             O - amulet of guardian spirit
HPRegen  0.35/turn              A - ring of wizardry
MPRegen  0.24/turn              F - +4 ring of protection

@: very slightly contaminated, slowed, very slow
A: large, icy blue scales 1, see invisible, deformed body, high mp 1, poison
resistance, slowness 2, slow metabolism 1, spit poison 1, wild magic 1,
constrict 1, AC +5
a: Spit Poison, Bend Time, Temporal Distortion, Slouch, Step From Time, Renounce
Religion


You were on level 3 of the Shoals.
You worshipped Cheibriados.
Cheibriados was exalted by your worship.
You were hungry.

You visited 6 branches of the dungeon, and saw 30 of its levels.
You visited 1 bazaar.
You also visited: Gauntlet and Volcano.

You collected 2838 gold pieces.
You spent 2078 gold pieces at shops.

Inventory:

Hand Weapons
 a - a +5 trident of protection (weapon)
 b - a +2 demon trident of flaming
 c - the +5 spear "Conaewoso" {vamp, rElec rPois rF+ MR-}
   (You found it on level 6 of the Lair of Beasts)

   It inflicts no extra harm, but heals its wielder when it wounds a living foe.
   It protects you from fire.
   It insulates you from electricity.
   It protects you from poison.
   It affects your resistance to hostile enchantments.
 u - a +1 trident of venom
Missiles
 s - 13 curare-tipped darts
 x - 4 atropa-tipped darts
 J - 18 javelins (quivered)
Armour
 e - a scarf of resistance (worn)
 f - the +6 chain mail of the Hundredfold Dreams (worn) {rN+ Str+4 Slay+4 Stlth-}
   (You bought it in a shop on level 4 of the Dungeon)

   It affects your strength (+4).
   It affects your accuracy and damage with ranged weapons and melee attacks
   (+4).
   It protects you from negative energy.
   It makes you less stealthy.
 k - a +2 pair of gloves of strength (worn)
 E - the +2 buckler "Pathadgh" (worn) {rF+ Str+4}
   (You bought it in a shop on level 2 of the Orcish Mines)

   It affects your strength (+4).
   It protects you from fire.
 I - a +2 hat (worn)
 R - a +4 naga barding of fire resistance (worn)
Jewellery
 A - a ring of wizardry (left hand)
 F - a +4 ring of protection (right hand)
 O - an amulet of guardian spirit (around neck)
 S - an uncursed ring of flight
Wands
 d - a wand of paralysis (36)
 j - a wand of iceblast (10)
 p - a wand of acid (22)
 r - a wand of disintegration (8)
 v - a wand of polymorph (21)
 H - a wand of clouds (3)
 P - a wand of enslavement (6)
 Q - a wand of digging (15)
 T - a wand of flame (61)
Scrolls
 g - a scroll of summoning
 l - 12 scrolls of teleportation
 m - 3 scrolls of fog
 n - 12 scrolls of identify
 o - 4 scrolls of fear
 z - a scroll of brand weapon
 K - 2 scrolls of blinking
 W - 13 scrolls of remove curse
Potions
 i - 2 potions of invisibility
 q - 4 potions of might
 w - 8 potions of magic
 B - 3 potions of lignification
 C - 2 potions of cancellation
 D - 3 potions of curing
 L - a potion of resistance
 N - 4 potions of stabbing
 Z - 2 potions of heal wounds
Miscellaneous
 h - a box of beasts
 y - a lightning rod (4/4)
 U - a tin of tremorstones (3/3)
Comestibles
 t - 39 rations


   Skills:
 + Level 9.1 Fighting
 - Level 14.0 Polearms
 - Level 6.0 Armour
 - Level 8.1 Dodging
 - Level 7.1 Stealth
 - Level 4.2 Shields
 - Level 11.0 Spellcasting
 - Level 4.0 Conjurations
 - Level 6.0 Hexes
 - Level 5.0 Summonings
 - Level 3.0 Translocations
 * Level 11.9 Ice Magic
 - Level 5.0 Air Magic
 - Level 2.1 Poison Magic
 - Level 10.0 Invocations
 - Level 7.0 Evocations


You had one spell level left.
You knew the following spells:

 Your Spells              Type           Power        Failure   Level  Hunger
a - Freeze                Ice            ####         1%          1    None
b - Frozen Ramparts       Ice            ######       1%          3    None
c - Ensorcelled Hibernat  Hex/Ice        ######       1%          2    None
d - Blink                 Tloc           N/A          2%          2    None
e - Summon Ice Beast      Ice/Summ       #######.     1%          4    None
f - Mephitic Cloud        Conj/Pois/Air  ######..     3%          3    None
g - Hailstorm             Conj/Ice       #######.     2%          4    None
h - Metabolic Englaciati  Hex/Ice        #######...   3%          5    #......
i - Tukima's Dance        Hex            ######..     1%          3    None
j - Summon Lightning Spi  Summ/Air       ######..     6%          4    None
k - Ozocubu's Refrigerat  Ice            #######...   5%          6    ####...

Your spell library contained the following spells:

 Spells                   Type           Power        Failure   Level  Hunger
 Corona                   Hex            ######.      1%          1    None
 Magic Dart               Conj           ####         1%          1    None
 Summon Small Mammal      Summ           ####         1%          1    None
 Foxfire                  Conj/Fire      ####         2%          1    None
 Beastly Appendage        Tmut           ####..       4%          1    None
 Sandblast                Erth           ####..       4%          1    None
 Call Imp                 Summ           ######..     1%          2    None
 Poisonous Vapours        Pois/Air       ######       1%          2    None
 Slow                     Hex            ######..     1%          2    None
 Confusing Touch          Hex            ######..     1%          3    None
 Ozocubu's Armour         Chrm/Ice       ######..     1%          3    None
 Summon Guardian Golem    Hex/Summ       ######..     1%          3    None
 Call Canine Familiar     Summ           ######..     2%          3    None
 Dazzling Flash           Conj/Hex       ######       2%          3    None
 Portal Projectile        Hex/Tloc       ######       2%          3    None
 Gell's Gravitas          Tloc           ######....   4%          3    None
 Inner Flame              Hex/Fire       ######..     4%          3    None
 Cause Fear               Hex            ######....   4%          4    None
 Ice Form                 Ice/Tmut       ######..     4%          4    None
 Conjure Flame            Conj/Fire      #####...     6%          3    None
 Stone Arrow              Conj/Erth      #####.       6%          3    None
 Passwall                 Tmut/Erth      ####....     7%          2    None
 Sticks to Snakes         Tmut           ####....     7%          2    None
 Spider Form              Tmut/Pois      #####.....   9%          3    None
 Leda's Liquefaction      Hex/Erth       ######....   12%         4    None
 Sticky Flame             Conj/Fire      #####...     17%         4    None
 Yara's Violent Unravell  Hex/Tmut       ######....   30%         5    #......
 Freezing Cloud           Conj/Ice/Air   ######....   32%         6    ####...
 Petrify                  Tmut/Erth      ####....     34%         4    None
 Fireball                 Conj/Fire      #####.....   41%         5    #......
 Irradiate                Conj/Tmut      #####.....   41%         5    #......
 Simulacrum               Ice/Necr       ######....   45%         6    ####...
 Blade Hands              Tmut           ####......   67%         5    #......
 Lee's Rapid Deconstruct  Erth           ####......   67%         5    #......
 Hydra Form               Tmut           ####......   99%         6    ####...
 Statue Form              Tmut/Erth      ####.....    99%         6    ####...
 Dragon Form              Tmut           ####......   100%        7    ######.
 Ring of Flames           Chrm/Fire      ####......   100%        7    ######.


Dungeon Overview and Level Annotations

Branches:
Dungeon (15/15)            Temple (1/1) D:4            Lair (6/6) D:11
 Shoals (3/4) Lair:4       Spider (3/4) Lair:4        Slime (0/5) Lair:6
    Orc (2/2) D:12            Elf (0/3) Orc:2        Vaults (0/5) D:14
 Depths (0/5) D:15        Volcano (visited)         Gauntlet (visited)

Altars:
Ashenzari
Cheibriados
Elyvilon
Fedhas
Gozag
Hepliaklqana
Kikubaaqudgha
Makhleb
Nemelex Xobeh
Qazlal
Ru
Sif Muna
Trog
Vehumet
Wu Jian
Xom
Zin
The Shining One
Beogh

Shops:
D:2 *   D:4 :[   D:7 *   D:11 ?   D:14 *   D:15 :   Orc:2 [!:[[

Portals:
Hell: Lair:6

Annotations:
D:10 2 transporters, 3 runed translucent doors, ALWAYSlose's ghost, novice DsBe


Innate Abilities, Weirdness & Mutations

You cannot wear boots.
Your serpentine skin is tough. (AC +5)
You have supernaturally acute eyesight. (SInv)
Armour fits poorly on your strangely shaped body.
Your system is resistant to poisons. (rPois)
You cover ground very slowly.
You have a slow metabolism.
You can spit poison.
You can use your snake-like lower body to constrict enemies.
You are partially covered in icy blue scales. (AC +2)
You have an increased reservoir of magic. (+10% MP)
Your spells are a little harder to cast, but a little more powerful.


Message History

* * * LOW HITPOINT WARNING * * *
The faun completely misses your ice beast.
Your ice beast hits the faun but does no damage.
You feel much better.
Your ice beast disappears in a puff of smoke!
The faun hits you from afar with a +0 spear.
* * * LOW HITPOINT WARNING * * *
The faun gestures at you while chanting.
You resist with almost no effort. The merfolk misses you.
The merfolk javelineer throws a silver javelin.
The silver javelin pierces through you!
* * * LOW HITPOINT WARNING * * *
The silver sears you!
* * * LOW HITPOINT WARNING * * *
The merfolk barely misses you.
The merfolk hits you but does no damage.
The faun barely misses you. The faun hits you but does no damage.
The merfolk hits you but does no damage.
The merfolk hits you from afar with a +1 vorpal trident!
You die...

.. ....... ....
....... .....#
....... ).....###
.....$.
.<..†...##)..≈≈≈.
..........≈≈≈≈≈.
#.†.)m..(≈≈≈≈.#
###...(m(@≈≈≈≈(..
.....≈)ccc≈(#..≈.
......cmm≈m## .
.......c≈≈.....
.≈≈.....≈≈...)..
.≈≈....).(...≈≈.
≈≈..........≈≈≈≈
............≈≈≈≈
###.........≈≈≈≈


You could see a merfolk javelineer, a satyr (scary), 4 merfolk and 4 fauns.

Vanquished Creatures
  Rupert (D:14)
  Polyphemus (Shoals:2)
  Kirke (Lair:6)
  A storm dragon (D:13)
  A tengu reaver (D:13)
  A ghost moth (Spider:3)
  Aizul (Spider:1)
  A very ugly thing (D:10)
  3 entropy weavers
  The ghost of Gadfly the End of an Era, a journeyman DsMo of Qazlal (Lair:5)
  A minotaur (Gauntlet)
  Josephine (D:10)
  3 merfolk impalers (Shoals:1)
  Erolcha (Orc:2)
  A great orb of eyes (Gauntlet)
  A fire dragon (D:15)
  4 hydras
  A hell beast (Gauntlet)
  6 centaur warriors
  A merfolk avatar (Shoals:1)
  2 catoblepae
  3 death yaks
  3 two-headed ogres
  2 ogre magi (Orc:2)
  Nergalle (Orc:2)
  A sixfirhy (Lair:6)
  A hell knight (Volcano)
  4 sea snakes
  4 skeletal warriors
  3 wizards
  3 flayed ghosts (D:13)
  2 unseen horrors
  A lindwurm (Lair:6)
  An orc knight (D:15)
  8 ugly things
  17 wolf spiders
  3 orc sorcerers (Orc:2)
  3 harpies (Shoals:3)
  9 orb spiders
  6 fauns
  4 cyclopes
  4 salamanders (Volcano)
  5 manticores
  An elephant (Lair:6)
  A moth of wrath (Spider:1)
  2 merfolk sirens
  2 centaur zombies
  Maurice (D:10)
  Psyche (D:11)
  2 orange demons (Lair:6)
  2 water nymphs
  2 black mambas
  6 komodo dragons
  2 ice devils (Lair:6)
  8 spiny frogs
  4 demonic crawlers
  A freezing wraith (D:14)
  4 rime drakes
  3 tengu conjurers (D:13)
  An efreet (D:15)
  7 merfolk
  A red devil (Lair:6)
  3 polar bears
  3 wind drakes
  5 trolls
  10 jumping spiders
  3 hornets
  Prince Ribbit (D:6)
  4 dream sheep
  A meliai zombie (D:14)
  2 slime creatures (D:15)
  18 blink frogs
  11 hippogriffs
  3 snapping turtles
  A shadow (D:12)
  18 tarantellas
  3 wyverns
  38 redbacks
  A centaur simulacrum (D:15)
  A fire elemental (Lair:3)
  5 water elementals
  3 hogs (Lair:6)
  27 yaks
  5 wraiths
  3 basilisks
  6 vampire mosquitoes (D:14)
  A hungry ghost (D:13)
  2 wargs (Orc:1)
  2 acid dragons
  2 nameless horrors
  7 porcupines
  11 water moccasins
  2 hell hounds (Lair:6)
  14 orc warriors
  6 ice beasts
  5 sky beasts
  A black bear (D:10)
  A phantom (D:9)
  3 wolves (Lair:6)
  5 boggarts (D:14)
  11 centaurs
  11 crocodiles
  7 ogres
  A big kobold (D:14)
  7 bullfrogs
  3 small abominations (Gauntlet)
  A wyvern skeleton (D:12)
  A hornet simulacrum (D:13)
  3 scorpions
  4 wights (D:15)
  2 electric eels
  4 crimson imps
  4 howler monkeys
  A bullfrog zombie (D:12)
  4 hounds
  2 jellies
  A bullfrog skeleton (D:5)
  11 orc priests
  23 orc wizards
  3 centaur skeletons
  2 iguanas
  9 worker ants
  2 hound skeletons
  A worker ant zombie (D:7)
  Robin (D:3)
  9 adders
  A shadow imp (D:9)
  An ooze (D:3)
  An adder zombie (D:9)
  3 adder skeletons
  2 worms
  2 leopard geckos
  64 orcs
  6 bats
  3 giant cockroaches
  14 goblins
  5 hobgoblins
  3 jackals (D:6)
  4 quokkas
  A ball python (D:4)
  4 frilled lizards
  14 kobolds
  A quokka skeleton (D:5)
  4 rats
  A fire vortex (Lair:3)
  A fungus (Lair:5)
673 creatures vanquished.

Vanquished Creatures (collateral kills)
  Arachne (Spider:3)
  Gastronok (D:8)
  A spark wasp (Spider:3)
  A fire dragon (D:15)
  Fannar (Lair:1)
  An ogre mage (Orc:2)
  5 hydras
  A merfolk aquamancer (Shoals:1)
  3 death yaks
  Sonja (Orc:2)
  A sea snake (Shoals:1)
  A salamander mystic (Volcano)
  A skeletal warrior (D:14)
  2 salamanders (Volcano)
  5 wolf spiders
  2 ugly things
  6 fauns
  2 manticores
  2 orc sorcerers (Orc:2)
  A water nymph (Shoals:2)
  3 merfolk sirens
  A gargoyle (D:10)
  A torpor snail (Lair:6)
  Maggie (D:8)
  A centaur skeleton (D:15)
  2 komodo dragons (Lair:6)
  A red devil (Lair:6)
  A hellwing (Lair:6)
  8 merfolk
  4 jumping spiders
  2 wind drakes (Shoals:1)
  4 dream sheep
  3 snapping turtles
  A slime creature (D:15)
  A hippogriff (Shoals:2)
  5 redbacks
  A wraith (D:10)
  3 tarantellas
  6 yaks
  2 water elementals (Shoals:1)
  A basilisk (Lair:6)
  A warg (Orc:2)
  A hell hound (Lair:6)
  2 water moccasins
  2 porcupines (D:11)
  A black bear (D:11)
  An orc warrior (D:15)
  2 eyes of draining
  2 ogres
  2 centaurs (Lair:4)
  A crocodile (Lair:6)
  A nameless horror (Shoals:1)
  A big kobold (D:11)
  A hound (D:11)
  An iguana (D:8)
  10 orc wizards
  8 orcs
128 creatures vanquished.

Vanquished Creatures (others)
  An unseen horror (D:15)
  An orb spider (Spider:3)
  A faun (Shoals:3)
  3 orc wizards (Orc:2)
  13 fungi
  12 plants
31 creatures vanquished.

Grand Total: 832 creatures vanquished

Notes
Turn   | Place    | Note
-------+----------+-------------------------------------------
     0 | D:1      | zeroc00l the Naga Ice Elementalist began the quest for the
                  | Orb.
     0 | D:1      | Reached XP level 1. HP: 15/15 MP: 3/3
    88 | D:1      | You fall into a shaft and drop 1 floor!
   150 | D:2      | Found an opulent altar of Gozag.
   150 | D:2      | Found Gozag's Platinum Reserve.
   243 | D:1      | Reached XP level 2. HP: 18/22 MP: 3/5
  1161 | D:2      | Reached XP level 3. HP: 28/28 MP: 6/6
  1167 | D:2      | Learned a level 3 spell: Frozen Ramparts
  1189 | D:2      | Found a glowing golden altar of the Shining One.
  1271 | D:2      | Found an ornate altar of the Wu Jian Council.
  1548 | D:3      | Noticed Robin
  1735 | D:3      | Found a shattered altar of Ashenzari.
  1740 | D:3      | Reached XP level 4. HP: 36/36 MP: 7/7
  1745 | D:3      | Learned a level 3 spell: Ozocubu's Armour
  1902 | D:3      | Killed Robin
  2231 | D:3      | Found a hazy altar of Hepliaklqana.
  2313 | D:4      | Noticed an ogre
  2321 | D:4      | Killed an ogre
  2321 | D:4      | Reached skill level 5 in Stealth
  2321 | D:4      | Reached XP level 5. HP: 42/42 MP: 5/9
  2562 | D:4      | Found Pamidoz's Book Shop.
  2565 | D:4      | Bought a book of Minor Magic for 220 gold pieces
  2568 | D:4      | Learned a level 2 spell: Blink
  2660 | D:4      | Found a staircase to the Ecumenical Temple.
  2672 | Temple   | Entered the Ecumenical Temple
  2790 | Temple   | Became a worshipper of Cheibriados the Contemplative
  2831 | D:4      | Noticed an ogre
  2837 | D:4      | Killed an ogre
  2837 | D:4      | Reached skill level 5 in Ice Magic
  2837 | D:4      | Reached XP level 6. HP: 49/49 MP: 6/10
  2927 | D:4      | Found Axkagese's Antique Armour Boutique.
  2937 | D:4      | Reached skill level 1 in Translocations
  3038 | D:4      | Reached XP level 7. HP: 48/55 MP: 8/12
  3303 | D:5      | Entered Level 5 of the Dungeon
  3657 | D:5      | Reached * piety under Cheibriados
  3858 | D:5      | Learned a level 4 spell: Summon Ice Beast
  3884 | D:5      | Found a stormy altar of Qazlal.
  4043 | D:5      | Reached XP level 8. HP: 40/62 MP: 8/14
  4612 | D:5      | Found a burning altar of Makhleb.
  4614 | D:5      | Noticed an Executioner
  4651 | D:6      | Reached skill level 1 in Summonings
  4651 | D:6      | Reached skill level 1 in Invocations
  4856 | D:6      | Found a bloodstained altar of Trog.
  4858 | D:6      | Noticed Prince Ribbit
  4869 | D:6      | Killed Prince Ribbit
  4869 | D:6      | Reached skill level 1 in Armour
  5025 | D:6      | Reached ** piety under Cheibriados
  5094 | D:6      | Learned a level 3 spell: Mephitic Cloud
  5310 | D:6      | Reached XP level 9. HP: 8/68 MP: 10/16
  6024 | D:7      | Reached skill level 5 in Spellcasting
  6125 | D:7      | Found Gorgho's Assorted Antiques.
  6137 | D:7      | Bought a potion of heal wounds for 105 gold pieces
  6456 | D:7      | Reached *** piety under Cheibriados
  7164 | D:8      | Noticed Gastronok
  7179 | D:8      | Noticed Maggie
  7187 | D:8      | Killed Gastronok
  7188 | D:8      | Killed Maggie
  7188 | D:8      | Reached skill level 1 in Poison Magic
  7432 | D:8      | Found an opulent altar of Gozag.
  7434 | D:8      | Found a white marble altar of Elyvilon.
  7436 | D:8      | Found a sacrificial altar of Ru.
  7671 | D:4      | Bought a faintly humming chain mail for 218 gold pieces
  7681 | D:4      | Identified the +6 chain mail of the Hundredfold Dreams {rN+
                  | Str+4 Slay+4 Stlth-} (You bought it in a shop on level 4 of
                  | the Dungeon)
  7856 | D:9      | Reached XP level 10. HP: 71/75 MP: 16/18
  8095 | D:9      | Gained mutation: You are partially covered in icy blue
                  | scales. (AC +2) [potion of mutation]
  8095 | D:9      | Gained mutation: You have an increased reservoir of magic.
                  | (+10% MP) [potion of mutation]
  8095 | D:9      | Gained mutation: Your spells are a little harder to cast,
                  | but a little more powerful. [potion of mutation]
  8213 | D:9      | Learned a level 4 spell: Hailstorm
  8601 | D:9      | Reached **** piety under Cheibriados
  8839 | D:10     | Entered Level 10 of the Dungeon
  8839 | D:10     | Noticed Josephine
  8845 | D:9      | Reached skill level 5 in Invocations
  8899 | D:10     | Reached skill level 1 in Fighting
  9145 | D:10     | Found a transporter.
  9145 | D:10     | Noticed a fire crab
  9146 | D:10     | Noticed an orc sorcerer
  9147 | D:10     | Noticed an orc sorcerer
  9147 | D:10     | Noticed a kobold demonologist
  9156 | D:10     | HP: 1/79 [Josephine/ghostly fireball (28)]
  9157 | D:10     | Killed Josephine
  9576 | D:10     | Noticed Maurice
  9601 | D:10     | Noticed a gargoyle
  9611 | D:10     | Killed a gargoyle
  9649 | D:10     | Found a transporter.
  9652 | D:10     | Noticed a kobold demonologist
  9662 | D:10     | Noticed a kobold demonologist
  9934 | D:10     | Reached skill level 5 in Dodging
  9934 | D:10     | Reached XP level 11. HP: 52/90 MP: 23/23
 10161 | D:10     | Killed Maurice
 10320 | D:10     | Found a runed translucent gate.
 10320 | D:10     | Noticed a green ugly thing
 10321 | D:10     | Found a runed translucent gate.
 10321 | D:10     | Found a runed translucent gate.
 10321 | D:10     | Noticed a green ugly thing
 10322 | D:10     | Noticed a green very ugly thing
 10322 | D:10     | Noticed a purple ugly thing
 10323 | D:10     | Noticed a white ugly thing
 10647 | D:11     | Found a staircase to the Lair.
 10871 | D:11     | Noticed a manticore
 10879 | D:11     | Killed a manticore
 11093 | D:11     | Found Cichoisu's Magic Scroll Boutique.
 11160 | D:11     | Got a bloodstained robe
 11196 | D:11     | Identified the +1 robe of a Gauntlet {rCorr Str+3 Stlth+}
                  | (You found it on level 11 of the Dungeon)
 11236 | D:11     | Noticed Psyche
 11248 | D:11     | Killed Psyche
 11393 | D:11     | Noticed a two-headed ogre
 11402 | D:11     | Killed a two-headed ogre
 11603 | D:11     | Reached skill level 5 in Fighting
 11935 | Lair:1   | Entered Level 1 of the Lair of Beasts
 12340 | D:4      | Bought a book of Maledictions for 275 gold pieces
 12343 | D:4      | Learned a level 2 spell: Ensorcelled Hibernation
 12349 | D:4      | Learned a level 5 spell: Metabolic Englaciation
 12659 | Lair:1   | Reached skill level 1 in Hexes
 13027 | Lair:1   | Reached ***** piety under Cheibriados
 13076 | Lair:1   | Reached skill level 1 in Evocations
 13689 | Lair:2   | Reached XP level 12. HP: 99/104 MP: 18/24
 13747 | Lair:2   | Found a gate leading to a gauntlet.
 13774 | Gauntlet | Entered a Gauntlet
 13774 | Gauntlet | Found a transporter.
 13774 | Gauntlet | Found a transporter.
 13825 | Gauntlet | Found a transporter.
 13837 | Gauntlet | Found a transporter.
 13855 | Gauntlet | Found a transporter.
 13855 | Gauntlet | Found a transporter.
 13855 | Gauntlet | Found a transporter.
 13857 | Gauntlet | Found a transporter.
 13857 | Gauntlet | Found a transporter.
 13869 | Gauntlet | Found a transporter.
 13884 | Gauntlet | Found a transporter.
 13887 | Gauntlet | Noticed a hell beast
 13894 | Gauntlet | Found a transporter.
 13908 | Gauntlet | Found a transporter.
 13923 | Gauntlet | Noticed a great orb of eyes
 13927 | Gauntlet | Found a transporter.
 14093 | Gauntlet | Paralysed by a great orb of eyes for 3 turns
 14100 | Gauntlet | Paralysed by a great orb of eyes for 5 turns
 14105 | Gauntlet | Killed a great orb of eyes
 14105 | Gauntlet | Reached skill level 1 in Polearms
 14112 | Gauntlet | Reached skill level 2 in Polearms
 14117 | Gauntlet | Got a pitted copper ring
 14187 | Gauntlet | Killed a hell beast
 14192 | Gauntlet | Got a clouded granite ring
 14212 | Gauntlet | Identified the ring of Hoazeb {*Tele rF- rN++} (You found
                  | it in a Gauntlet)
 14214 | Gauntlet | Identified the cursed ring of Derar {rF+ Dex-4} (You found
                  | it in a Gauntlet)
 14251 | Gauntlet | Noticed a minotaur
 14259 | Gauntlet | Killed a minotaur
 14514 | Lair:1   | Noticed Fannar
 14554 | Lair:1   | Killed Fannar
 14554 | Lair:1   | Reached skill level 3 in Polearms
 14900 | Lair:2   | Noticed a five-headed hydra
 14948 | Lair:2   | Killed a five-headed hydra
 15130 | Lair:2   | Reached skill level 4 in Polearms
 15277 | Lair:2   | Reached skill level 5 in Evocations
 15787 | D:11     | Bought a scroll of blinking for 112 gold pieces
 15937 | D:12     | You fall into a shaft and drop 1 floor!
 15989 | D:13     | Reached skill level 5 in Polearms
 16079 | D:13     | Learned a level 3 spell: Tukima's Dance
 16348 | D:12     | Noticed a centaur warrior
 16363 | D:12     | Killed a centaur warrior
 16647 | D:12     | Found a staircase to the Orcish Mines.
 16733 | D:12     | Gained mutation: You can use your snake-like lower body to
                  | constrict enemies. [Naga growth]
 16733 | D:12     | Reached XP level 13. HP: 111/111 MP: 20/27
 17318 | Lair:3   | Reached skill level 6 in Polearms
 17812 | Lair:4   | Reached skill level 5 in Hexes
 17934 | Lair:4   | Found a staircase to the Shoals.
 17941 | Lair:4   | Reached ****** piety under Cheibriados
 18016 | Lair:4   | You fall into a shaft and drop 1 floor!
 18429 | Lair:4   | Identified a scroll of acquirement
 18430 | Lair:4   | Acquired a +0 naga barding of fire resistance
 18508 | Lair:4   | Found a hole to the Spider Nest.
 19077 | Lair:5   | Reached skill level 7 in Polearms
 19934 | Lair:5   | Found a runed translucent door.
 19934 | Lair:5   | Noticed Gadfly's ghost (journeyman DsMo)
 20154 | Lair:6   | Entered Level 6 of the Lair of Beasts
 20254 | Lair:6   | Found a dark tunnel.
 20269 | Volcano  | Entered a volcano
 20356 | Volcano  | Found a burning altar of Makhleb.
 20372 | Volcano  | Reached skill level 8 in Polearms
 21229 | D:7      | Bought a scroll of enchant weapon for 157 gold pieces
 21229 | D:7      | Bought a fizzy yellow potion for 18 gold pieces
 21229 | D:7      | Bought a scroll of enchant armour for 157 gold pieces
 21363 | D:11     | Bought a scroll of enchant armour for 112 gold pieces
 21769 | Lair:6   | Got a dazzling spear
 21770 | Lair:6   | Identified the +5 spear "Conaewoso" {vamp, rElec rPois rF+
                  | MR-} (You found it on level 6 of the Lair of Beasts)
 21799 | Lair:6   | Reached XP level 14. HP: 98/120 MP: 6/29
 21806 | Lair:6   | Reached skill level 9 in Polearms
 22509 | Lair:6   | Found a staircase to the Slime Pits.
 22588 | Lair:6   | Reached skill level 5 in Armour
 22588 | Lair:6   | Noticed Kirke
 22613 | Lair:6   | Killed Kirke
 22629 | Lair:6   | Learned a level 4 spell: Summon Lightning Spire
 22858 | Lair:6   | Reached skill level 5 in Summonings
 23198 | Lair:6   | Found a burning altar of Makhleb.
 23237 | Lair:6   | Found a gateway to Hell.
 23736 | D:11     | Bought a scroll of enchant weapon for 112 gold pieces
 23831 | Orc:1    | Entered Level 1 of the Orcish Mines
 24025 | Orc:2    | Entered Level 2 of the Orcish Mines
 24053 | Orc:2    | Found a staircase to the Elven Halls.
 24108 | Orc:2    | Found a flickering gateway to a bazaar.
 24120 | Orc:2    | Noticed Sonja
 24126 | Orc:2    | Killed Sonja
 24148 | Bazaar   | Entered a bazaar
 24148 | Bazaar   | Found Dyown's Antique Weapon Emporium.
 24148 | Bazaar   | Found Tacweyq's Antique Weapon Emporium.
 24149 | Bazaar   | Found Ziurphix's General Store.
 24149 | Bazaar   | Found Esinieha's Gadget Shoppe.
 24175 | Bazaar   | Bought an iridescent halberd for 288 gold pieces
 24175 | Bazaar   | Identified the +12 halberd "Piom" {antimagic, rElec rF+
                  | MP+9 Int+4} (You bought it in a shop in a bazaar)
 24322 | Orc:2    | Found a roughly hewn altar of Beogh.
 24506 | Orc:2    | Found Diulosm's Armour Shoppe.
 24636 | Orc:2    | Reached skill level 5 in Air Magic
 24716 | Orc:2    | Found Oxtol's Antique Armour Boutique.
 24723 | Orc:2    | Bought a polished buckler for 304 gold pieces
 24728 | Orc:2    | Identified the +2 buckler "Pathadgh" {rF+ Str+4} (You
                  | bought it in a shop on level 2 of the Orcish Mines)
 24741 | Orc:2    | Found an ancient bone altar of Kikubaaqudgha.
 24742 | Orc:2    | Noticed Nergalle
 24750 | Orc:2    | Killed Nergalle
 24752 | Orc:2    | Reached skill level 1 in Shields
 24875 | Orc:2    | Found Gunypn's Distillery.
 24876 | Orc:2    | Noticed Erolcha
 24881 | Orc:2    | Killed Erolcha
 24881 | Orc:2    | Reached skill level 10 in Polearms
 24948 | Orc:2    | Found a radiant altar of Vehumet.
 24966 | Orc:2    | Found a roughly hewn altar of Beogh.
 24991 | Orc:2    | Found Qunew's Antique Armour Shop.
 24998 | Orc:2    | Found Tuxkyx's Book Shop.
 25963 | D:13     | Noticed a tengu reaver
 25972 | D:13     | Killed a tengu reaver
 25972 | D:13     | Reached XP level 15. HP: 112/129 MP: 16/30
 26008 | D:13     | Noticed a storm dragon
 26025 | D:13     | Killed a storm dragon
 26166 | D:13     | Found the +7 pair of quick blades "Gyre" and "Gimble"
                  | {protect}
 26614 | D:10     | Found a runed translucent gate.
 26614 | D:10     | Found a runed translucent gate.
 26620 | D:10     | Found a runed translucent gate.
 26620 | D:10     | Noticed ALWAYSlose's ghost (novice DsBe)
 26853 | Lair:5   | Killed Gadfly's ghost
 27311 | D:14     | Found a blossoming altar of Fedhas.
 27345 | D:14     | Noticed Rupert
 27359 | D:14     | Killed Rupert
 27579 | D:14     | Reached skill level 11 in Polearms
 27596 | D:14     | Found Ammed's General Store.
 27870 | D:14     | Found a gate to the Vaults.
 27974 | D:15     | Entered Level 15 of the Dungeon
 28777 | D:15     | Reached skill level 10 in Spellcasting
 28924 | D:15     | Reached skill level 10 in Invocations
 29262 | D:15     | Found Voeckeu's Book Shop.
 29526 | D:15     | Found a staircase to the Depths.
 29919 | Spider:1 | Entered Level 1 of the Spider Nest
 29966 | Spider:1 | Reached skill level 12 in Polearms
 29999 | Spider:1 | Reached XP level 16. HP: 86/138 MP: 7/33
 30295 | Spider:1 | Noticed Aizul
 30309 | Spider:1 | Killed Aizul
 32058 | Spider:3 | Noticed Arachne
 32069 | Spider:3 | Reached skill level 13 in Polearms
 32079 | Spider:3 | Killed Arachne
 32564 | Spider:3 | Reached skill level 10 in Ice Magic
 33360 | Spider:3 | Learned a level 6 spell: Ozocubu's Refrigeration
 33618 | Shoals:1 | Entered Level 1 of the Shoals
 34061 | Shoals:1 | Reached skill level 14 in Polearms
 34304 | Shoals:1 | Reached XP level 17. HP: 135/146 MP: 9/35
 35126 | Shoals:2 | Noticed Polyphemus
 35150 | Shoals:2 | Killed Polyphemus
 35480 | Shoals:3 | Slain by a merfolk

Illustrated notes

Levels and vault maps discovered:
D:1:      ncdulo_smallfort, layout_loops_ring, kennysheep_flooded_box,
          minmay_misc_feat_five
D:2:      layout_rooms, tso_oasis_becter, lemuel_round_altar, first_ration,
          nicolae_gozag_zags_fifth_avenue
D:3:      layout_basic, lemuel_crystal_altar, ashenzari_altar_1, uniq_robin
D:4:      layout_loops_ring, minmay_temple_entry_statues_pillars, serial_shops,
          shop, kennysheep_small_square
D:5:      layout_basic, kennysheep_mini, makhleb_altar_promises_db
D:6:      layout_cave_pools, lemuel_round_altar, uniq_prince_ribbit1
D:7:      layout_gridville, serial_shops, shop
D:8:      layout_gridville, grunt_temple_overflow_open, uniq_gastronok,
          uniq_maggie
D:9:      layout_loops_ring
D:10:     gammafunk_wand_slinger, layout_long_grid,
          ploomutoo_gammafunk_ghost_potion_laboratory, uniq_maurice,
          uniq_josephine
D:11:     layout_irregular_city, due_lair_maze_entry_diamond, serial_shops,
          nicolae_shop_crystal, hangedman_fish_farm, minivault_23, uniq_psyche
D:12:     layout_roguey, orc_0_dummy, enter_bailey_6
D:13:     minmay_sliced_demisemicircle, layout_irregular_city
D:14:     layout_roguey, david_vaults_4, fedhas_altar_2, serial_shops,
          shop_statue, uniq_rupert
D:15:     grunt_enter_depths_hoard, layout_cave_pools, nicolae_sextant,
          serial_shops, nicolae_shop_behind_doors, small_chamber_with_monster
Temple:   nicolae_temple_figure_eight
Lair:1:   layout_long_grid, hangedman_lair_unloving_vines, serial_bayou_shore_b,
          uniq_fannar
Lair:2:   layout_gridlike, gauntlet_entry_generic
Lair:3:   layout_gridlike
Lair:4:   layout_roguey, minmay_shoals_entry_centaurs,
          spider_nest_entry_funnel_web, minivault_27,
          chequers_serial_rivers_large_a, beast_lair_carwin_11
Lair:5:   layout_cave_pods, ebering_ghost_reflecting_pool, bh_chokoban
Lair:6:   evil_forest, layout_regular_city, dpeg_slime_entry_corner,
          enter_volcano_2, uniq_kirke
Shoals:1: layout_shoals
Shoals:2: layout_shoals, uniq_polyphemus
Shoals:3: layout_shoals, abandoned_shop, nicolae_shoals_loop_pool
Spider:1: layout_spider_delve, uniq_aizul
Spider:2: layout_spider_delve, nicolae_spider_cling_ruins
Spider:3: layout_spider_delve, nicolae_orb_island, uniq_arachne
Orc:1:    layout_caves
Orc:2:    kennysheep_orc_mage_school, layout_diamond_mine, serial_shops,
          bzr_entry_gold, nicolae_shop_trees, basic_altar, uniq_sonja

Skill      XL: |  1  2  3  4  5  6  7  8  9 10 11 12 13 14 15 16 17 |
---------------+----------------------------------------------------+-----
Dodging        | 2 3 4 5 6 7 8 |  8.1
Stealth        | 4 5 6 7 |  7.1
Spellcasting   | 3 4 5 7 8 9 10 11 | 11.0
Ice Magic      | 5 6 7 8 9 10 11 | 11.9
Translocations | 1 3 |  3.0
Summonings     | 3 4 5 |  5.0
Invocations    | 2 4 6 8 10 | 10.0
Armour         | 2 3 4 6 |  6.0
Conjurations   | 3 4 |  4.0
Air Magic      | 3 5 |  5.0
Poison Magic   | 2 |  2.1
Fighting       | 3 5 6 7 8 9 |  9.1
Hexes          | 3 4 6 |  6.0
Evocations     | 1 5 6 7 |  7.0
Polearms       | 5 8 10 12 14 | 14.0
Shields        | 3 4 |  4.2

Action                   |  1- 3 |  4- 6 |  7- 9 | 10-12 | 13-15 | 16-18 || total
-------------------------+-------+-------+-------+-------+-------+-------++-------
Melee: Unarmed           |     1 |       |       |       |       |       ||     1
       Dagger            |    36 |    21 |       |       |       |       ||    57
       Spear             |       |     4 |    25 |       |    12 |    15 ||    56
       Morningstar       |       |       |    35 |    47 |       |       ||    82
       Trident           |       |       |    27 |   268 |   739 |   414 ||  1448
       Falchion          |       |       |     5 |       |       |       ||     5
       Constrict         |       |       |       |       |   173 |    77 ||   250
Throw: Javelin           |       |     5 |     4 |     2 |     5 |     1 ||    17
       Dart              |       |       |     7 |     8 |       |       ||    15
 Cast: Freeze            |    23 |     8 |    78 |   163 |    85 |     2 ||   359
       Frozen Ramparts   |     1 |     6 |     7 |    29 |    29 |     9 ||    81
       Ozocubu's Armour  |       |       |     2 |       |       |       ||     2
       Summon Ice Beast  |       |       |     3 |    29 |    73 |    55 ||   160
       Blink             |       |       |       |     3 |     1 |     4 ||     8
       Hailstorm         |       |       |       |     1 |    13 |    11 ||    25
       Mephitic Cloud    |       |       |       |    11 |    14 |     8 ||    33
       Ensorcelled Hiber |       |       |       |     1 |     7 |     1 ||     9
       Summon Lightning  |       |       |       |       |    17 |    23 ||    40
       Tukima's Dance    |       |       |       |       |    11 |       ||    11
       Metabolic Englaci |       |       |       |       |     7 |     8 ||    15
Invok: Bend Time         |       |       |     2 |     1 |       |       ||     3
       Slouch            |       |       |       |     1 |     3 |     6 ||    10
 Abil: Spit Poison       |     9 |     5 |    11 |    44 |    44 |     8 ||   121
       Evoke Flight      |       |       |       |       |     2 |     1 ||     3
Evoke: Wand              |       |       |       |     3 |     7 |     8 ||    18
  Use: Scroll            |     4 |     3 |     5 |    17 |    17 |     5 ||    51
       Potion            |     2 |       |     3 |     2 |     1 |     2 ||    10
 Stab: Sleeping          |     7 |     1 |    14 |    24 |    10 |       ||    56
       Distracted        |       |     1 |     3 |     5 |    11 |     6 ||    26
       Confused          |       |       |       |     2 |     8 |     4 ||    14
       Petrified         |       |       |       |       |     3 |       ||     3
  Eat: Chunk             |     3 |     4 |    10 |    21 |    25 |    13 ||    76
       Ration            |       |       |       |     2 |     3 |       ||     5
Armor: Robe              |     7 |     7 |    50 |       |       |       ||    64
       Ring mail         |       |       |       |   268 |   161 |       ||   429
       Chain mail        |       |       |       |       |   474 |   315 ||   789
Dodge: Dodged            |    38 |    30 |    90 |   349 |   543 |   211 ||  1261
Block: Buckler           |       |       |       |       |   171 |   199 ||   370
